 Dungeon Crawl Stone Soup version 0.31.0-12-g77e489cdc1 (webtiles) character file.

Game seed: 14556479584901109554

186 Gadfly the Insei (level 5, -6/41 HPs)
             Began as a Demonspawn Monk on Feb 12, 2024.
             Mangled by a crocodile (8 damage)
             ... on level 4 of the Dungeon.
             The game lasted 00:05:45 (2696 turns).

Gadfly the Insei (Demonspawn Monk)                  Turns: 2696, Time: 00:05:46

Health: -6/41      AC: -1    Str: 13    XL:     5   Next: 38%
Magic:  5/5        EV: 13    Int: 11    God:
Gold:   242        SH:  4    Dex: 15    Spells: 4/4 levels left

rFire   . .          .
                       - Unarmed
rCold   . . .        c - orb {light}
rNeg    . . .        a - +0 robe
rPois   .            (no helmet)
rElec   .            (no cloak)
rCorr   .            f - +0 pair of gloves
SInv    .            (no boots)
Will    .....        (no amulet)
Stlth   +            (no ring)
HPRegen 0.26/turn    (no ring)
MPRegen 0.09/turn

%: no passive effects
@: brilliant, corroded, glowing
A: large bone plates 1
a: no special abilities


You were on level 4 of the Dungeon.
You visited 1 branch of the dungeon, and saw 4 of its levels.

You collected 242 gold pieces.

Inventory:

Armour
 a - a +0 robe (worn)
 c - an orb of light (worn)
 f - a +0 pair of gloves (worn)
Wands
 i - a wand of polymorph (8)
Scrolls
 d - a scroll of teleportation
Potions
 e - a potion of attraction
 h - 2 potions of cancellation


   Skills:
 - Level 3.0 Fighting
 + Level 3.3 Dodging
 * Level 3.7 Unarmed Combat
 * Level 2.5 Evocations
 * Level 2.0 Shapeshifting


You had 4 spell levels left.
You didn't know any spells.
Your spell library was empty.

Dungeon Overview and Level Annotations

Branches:
Dungeon (4/15)
 Temple: D:4-7

Altars:
Kikubaaqudgha

Shops:
D:1 :


Innate Abilities, Weirdness & Mutations

You are partially covered in large bone plates. (SH +4)


Message History

The jelly attacks as it pursues you! The jelly barely misses you.
The jelly attacks as it pursues you! The jelly barely misses you.
The jelly attacks as it pursues you! The jelly misses you.
The jelly attacks as it pursues you! The jelly misses you.
The jelly attacks as it pursues you! The jelly hits you but does no damage.
You hit the jelly but do no damage.
Your hands burn!
The jelly is lightly wounded.
You hit the jelly but do no damage.
Your hands burn!
* * * LOW HITPOINT WARNING * * *
The jelly is lightly wounded.
The jelly closely misses you.
You hit the jelly. The acid corrodes you!
Your hands burn!
* * * LOW HITPOINT WARNING * * *
The jelly is heavily wounded.
The jelly closely misses you.
You hit the jelly but do no damage.
Your hands burn!
* * * LOW HITPOINT WARNING * * *
The jelly is heavily wounded.
The jelly closely misses you.
Unknown command.
Okay, then.
Aiming: Polymorph
Press: ? - help, Shift-Dir - straight line, f - jelly
Aim: a jelly (heavily wounded, haloed, will become an iguana, a frilled lizard, or a crocodile, chance to affect: 64%)
The jelly evaporates and reforms as a crocodile!
You hit the crocodile.
The crocodile is heavily wounded.
The crocodile bites you.
* * * LOW HITPOINT WARNING * * *
The crocodile drags you backwards!
You barely miss the crocodile.
The crocodile is heavily wounded.
The crocodile misses you.
You hit the crocodile but do no damage.
The crocodile is heavily wounded.
The crocodile barely misses you.
You hit the crocodile.
The crocodile is heavily wounded.
The crocodile bites you!
You die...

... #.#.##.#..##.# #.#
#.#......)#... #.#
#.###.####.###.#.. #<#
#.................
#.#########.####.#####..
#.....# #.# #.# ..
#####.# #.# #.# #
#.#####.####.#
#..@l........#
########.######
.........# ##########


You could see a crocodile.

Vanquished Creatures
  A bombardier beetle (D:4)
  An orc priest (D:4)
  Terence (D:3)
  3 adders
  A dart slug (D:1)
  A ribbon worm (D:2)
  5 orcs
  3 ball pythons
  3 bats
  2 endoplasms (D:1)
  2 giant cockroaches (D:1)
  8 hobgoblins
  7 jackals (D:1)
  3 quokkas
  A frilled lizard (D:3)
  10 goblins
  4 kobolds
  5 rats
61 creatures vanquished.

Notes
Turn   | Place    | Note
-------+----------+-------------------------------------------
     0 | D:1      | Gadfly the Demonspawn Monk began the quest for the Orb.
     0 | D:1      | Reached XP level 1. HP: 18/18 MP: 1/1
   163 | D:1      | Gained mutation: You are partially covered in large bone
                  | plates. (SH +4) [demonic ancestry]
   163 | D:1      | Reached XP level 2. HP: 21/24 MP: 2/2
   284 | D:1      | Found Tuaffimn's Vocational Training.
   366 | D:1      | Reached skill level 1 in Evocations
   693 | D:1      | Reached skill level 1 in Shapeshifting
   693 | D:1      | Reached XP level 3. HP: 29/29 MP: 3/3
  1680 | D:2      | Reached XP level 4. HP: 32/35 MP: 4/4
  2297 | D:3      | Noticed Terence
  2322 | D:3      | HP: 1/35 [Terence/+0 falchion (5)]
  2331 | D:3      | Killed Terence
  2447 | D:3      | Found an ancient bone altar of Kikubaaqudgha.
  2634 | D:4      | Reached XP level 5. HP: 41/41 MP: 5/5
  2692 | D:4      | a jelly changed into a crocodile
  2692 | D:4      | Noticed a crocodile
  2693 | D:4      | HP: 1/41 [crocodile (3)]
  2696 | D:4      | Mangled by a crocodile

Illustrated notes

Levels and vault maps discovered:
D:1:      dpeg_arrival_another_circle, layout_loops_corners,
          nicolae_shop_vocational
D:2:      layout_loops_cross, minmay_liquid_box, minmay_misc_feat_alley
D:3:      layout_rooms, nicolae_kikubaaqudgha_miasma_corner, uniq_terence
D:4:      layout_loops_ring, nemelex_dance_club_becter,
          nicolae_tso_swordbearing_angel, nicolae_gozag_zags_fifth_avenue,
          mainiacjoe_overflow_small_starburst, minmay_temple_entry_glassed_door,
          palyth_stone_intersect, roderic_serpentine_path, serial_park_tiny_2,
          st_stairs_6, uniq_grinder

Skill      XL: |  1  2  3  4  5 |
---------------+----------------+-----
Unarmed Combat | 3 |  3.7
Evocations     | 1 2 |  2.5
Shapeshifting  | 1 2 |  2.0
Dodging        | 3 |  3.3
Fighting       | |  3.0

Action                     |  1- 3 |  4- 6 || total
---------------------------+-------+-------++-------
  Melee: Unarmed           |   113 |   109 ||   222
  Evoke: Wand              |       |     1 ||     1
    Use: Scroll            |     2 |     5 ||     7
         Potion            |       |     3 ||     3
 Armour: Robe              |    40 |    43 ||    83
  Dodge: Dodged            |    66 |    65 ||   131
